 Dungeon Crawl Stone Soup version 0.24-a0-378-g94936e539c (webtiles) character file.

Game seed: 794923702891204718

114 theanonym the Poker (level 4, 0/33 HPs)
             Began as a Mummy Warper on June 1, 2019.
             Slain by a hound (2 damage)
             ... on level 4 of the Dungeon.
             The game lasted 00:03:50 (2414 turns).

theanonym the Poker (Mummy Warper)                  Turns: 2414, Time: 00:03:51

Health: 0/33       AC:  8    Str: 15    XL:     4   Next: 67%
Magic:  8/8        EV:  6    Int: 12    God:
Gold:   30         SH:  0    Dex: 11    Spells: 8/8 levels left

rFire    . . .     SeeInvis .   a - +1 spear
rCold    + . .     Gourm    .   (no shield)
rNeg     + + +     Faith    .   g - +0 chain mail
rPois    ∞         Spirit   .   (no helmet)
rElec    .         Reflect  .   (no cloak)
rCorr    .         Harm     .   (no gloves)
MR       .....                  (no boots)
Stlth    ..........             (no amulet)
HPRegen  0.11/turn              p - ring of protection from fire
MPRegen  0.11/turn              (no ring)

@: no status effects
A: no food or potions, fire vulnerability, cold resistance 1, negative energy
resistance 3, torment resistance, unbreathing
a: no special abilities


Innate Abilities, Weirdness & Mutations

You do not eat or drink.
Your flesh is vulnerable to fire.
You are immune to poison.
Your flesh is cold resistant. (rC+)
You are immune to negative energy. (rN+++)
You are immune to unholy pain and torment.
You can survive without breathing.


   Skills:
 - Level 2.0 Fighting
 + Level 4.1 Polearms
 - Level 0.7 Throwing
 - Level 0.7 Armour
 - Level 1.5 Dodging
 - Level 2.6 Spellcasting
   Level 2.4 Translocations


You had 8 spell levels left.
You didn't know any spells.
Your spell library contained the following spells:

 Spells                   Type           Power        Failure   Level  Hunger
 Blink                    Tloc           N/A          98%         2    N/A
 Shroud of Golubria       Chrm/Tloc      #.........   99%         2    N/A
 Gell's Gravitas          Tloc           #.........   100%        3    N/A
 Lesser Beckoning         Tloc           #.........   100%        3    N/A
 Teleport Other           Tloc           #.......     100%        3    N/A
 Passage of Golubria      Tloc           N/A          100%        4    N/A

Skill      XL: |  1  2  3  4 |
---------------+-------------+-----
Polearms       | 2 3 4 |  4.1
Fighting       | |  2.0
Throwing       | |  0.7
Armour         | |  0.7
Dodging        | |  1.5
Spellcasting   | |  2.6
Translocations | |  2.4

Action                   |  1- 3 |  4- 6 || total
-------------------------+-------+-------++-------
Melee: Spear             |   160 |    84 ||   244
Throw: Boomerang         |       |     5 ||     5
       Javelin           |       |     2 ||     2
  Use: Scroll            |       |     9 ||     9
Armor: Leather armour    |    21 |       ||    21
       Scale mail        |    12 |     4 ||    16
       Chain mail        |       |    38 ||    38
Dodge: Dodged            |    57 |    22 ||    79

Inventory:

Hand Weapons
 a - a +1 spear (weapon)
Missiles
 o - 5 javelins (quivered)
Armour
 b - a +2 cloak of magic resistance
 f - a +0 pair of boots
 g - a +0 chain mail (worn)
Jewellery
 e - a cursed amulet of magic regeneration
 p - a ring of protection from fire (left hand)
Scrolls
 c - 2 scrolls of enchant weapon
 i - 2 scrolls of immolation
 n - 5 scrolls of remove curse
 r - a scroll of identify


You were on level 4 of the Dungeon.
You were not hungry.

You visited 1 branch of the dungeon, and saw 4 of its levels.

You collected 30 gold pieces.

Dungeon Overview and Level Annotations

Branches:
Dungeon (4/15)
 Temple: D:4-7

Altars:

Annotations:
D:3 2 transporters, melvinkitnick's ghost, amateur GnWz

**,,,,,,,,**,,*,*,**,*,*,,**,*,*
*,,,,,,,,,,,,,.....,,,,,,,,*,*,*
**,**,*,,,,*#,,#.#.**,*,*,,,*,*,,
,,,,,,,,,,,*#.,#.#.*#.#.#...#,*,,
,,,,,,,,,,,*#.,...,,,.......#,*,,
**,**,*,**,*#..#..,,,,.......,#,,
**,**,*,*#.##..#.######...#.#,.,,
,,,,,,,,,........†....#...#.#.#*,
,,,,,,*,**,***,#@#****#...#.#.#*,
**********,* *,#h# #...#.#.#*,
****,***,#.# #.h..h..##.
*,,,,,,,,#.# #.#.#<)....
*********#.# #.#.#.#.##.
#†######.#.#.#.##.
#(..h.............
############.#.##. #.#.#*,


You could see a hound.

Notes
Turn   | Place    | Note
-------+----------+-------------------------------------------
     0 | D:1      | theanonym the Mummy Warper began the quest for the Orb.
     0 | D:1      | Reached XP level 1. HP: 16/16 MP: 4/4
    13 | D:1      | HP: 8/16 [jackal (1)]
    18 | D:1      | HP: 6/16 [jackal (2)]
    20 | D:1      | Reached skill level 2 in Polearms
    26 | D:1      | HP: 5/16 [hobgoblin (2)]
    30 | D:1      | HP: 1/16 [hobgoblin (4)]
   619 | D:1      | Reached XP level 2. HP: 22/22 MP: 5/5
  1241 | D:2      | Reached XP level 3. HP: 23/27 MP: 7/7
  1251 | D:2      | Reached skill level 3 in Polearms
  1290 | D:2      | HP: 8/27 [worm (9)]
  1921 | D:2      | Reached XP level 4. HP: 33/33 MP: 8/8
  2191 | D:3      | Found a transporter.
  2198 | D:3      | Found a transporter.
  2203 | D:3      | Noticed melvinkitnick's ghost (amateur GnWz)
  2299 | D:3      | Reached skill level 4 in Polearms
  2313 | D:3      | HP: 8/33 [orc priest/divine providence (15)]
  2369 | D:4      | HP: 9/33 [hound (2)]
  2394 | D:4      | HP: 8/33 [giant cockroach (2)]
  2399 | D:4      | HP: 2/33 [hound (3)]
  2407 | D:4      | HP: 1/33 [adder (2)]
  2414 | D:4      | Slain by a hound

Vanquished Creatures
  5 adders
  An ooze (D:2)
  5 worms (D:2)
  A dart slug (D:3)
  3 leopard geckos
  2 orcs (D:3)
  3 giant cockroaches
  4 goblins
  5 hobgoblins
  4 jackals (D:1)
  A ball python (D:2)
  2 bats (D:2)
  A frilled lizard (D:3)
  4 kobolds
  6 rats
47 creatures vanquished.

Table legend:
 A = Turns spent in this place as a percentage of turns spent in the entire game.
 B = Non-inter-level travel turns spent in this place as a percentage of non-inter-level travel turns spent in the entire game.
 C = Inter-level travel turns spent in this place as a percentage of turns spent in this place.
 D = Turns resting spent in this place as a percentage of non-inter-level travel turns spent in this place.
 E = Turns spent auto-exploring this place as a percentage of non-inter-level travel turns spent in this place.
 F = Non-inter-level travel turns spent in this place divided by the number of levels of this place that you've seen.
                   A       B       C       D       E      F
               +-------+-------+-------+-------+-------+----------------------
         Total | 100.0 | 100.0 |   2.5 |  29.9 |  49.2 | 588.2
       Dungeon | 100.0 | 100.0 |   2.5 |  29.9 |  49.2 | 588.2
               +-------+-------+-------+-------+-------+----------------------
